 Dungeon Crawl Stone Soup version 0.22-a0-263-gab157eebec (webtiles) character file.

429 Xiin the Covert (level 6, -4/28 HPs)
             Began as a Spriggan Enchanter on Mar 6, 2018.
             Killed by nerve-wracking pain
             ... invoked by an orc priest
              (14 damage)
             ... on level 4 of the Dungeon.
             The game lasted 00:15:33 (6669 turns).

Xiin the Covert (Spriggan Enchanter)                Turns: 6669, Time: 00:15:37

Health: -4/28      AC:  2    Str:  7    XL:     6   Next: 66%
Magic:  7/14       EV: 18    Int: 18    God:
Gold:   120        SH:  0    Dex: 16    Spells: 3/15 levels left

rFire    . . .     SeeInvis +   a - +3 dagger
rCold    . . .     Gourm    .   (shield restricted)
rNeg     . . .     Faith    .   b - +0 robe
rPois    .         Spirit   .   (helmet restricted)
rElec    .         Reflect  .   (no cloak)
rCorr    .         Harm     .   (gloves unavailable)
MR       +....                  (boots unavailable)
Stlth    ++++......             (no amulet)
HPRegen  0.09/turn              (no ring)
MPRegen  0.14/turn              j - +2 ring of strength

@: very quick
A: very small, unfitting armour, see invisible, herbivore, speed 3, slow
metabolism 2
a: no special abilities


You were on level 4 of the Dungeon.
You were not hungry.

You visited 1 branch of the dungeon, and saw 4 of its levels.

You collected 120 gold pieces.

Inventory:

Hand Weapons
 a - a +3 dagger (weapon)
 i - a +0 dagger of draining
 q - a +4 short sword of speed
Missiles
 g - 3 poisoned tomahawks (quivered)
Armour
 b - a +0 robe (worn)
Jewellery
 j - a +2 ring of strength (right hand)
Wands
 m - a wand of polymorph (16)
Scrolls
 f - a scroll of fog
 k - 2 scrolls of teleportation
 p - 2 scrolls of amnesia
 t - 2 scrolls of fear
Potions
 c - 2 potions of flight
 e - 2 potions of haste {unknown}
 h - a potion of lignification {unknown}
 l - 2 potions of curing
 n - a potion of magic {unknown}
 o - a potion of degeneration {unknown}
 r - a potion of heal wounds {unknown}
 s - a potion of brilliance {unknown}
Comestibles
 d - 3 rations


   Skills:
 - Level 1.1 Short Blades
 - Level 3.0 Dodging
 + Level 8.7 Stealth
 - Level 5.0 Spellcasting
 - Level 5.6 Hexes


You had 3 spell levels left.
You knew the following spells:

 Your Spells              Type           Power        Failure   Level  Hunger
a - Ensorcelled Hibernat  Hex/Ice        ##....       6%          2    #......
b - Corona                Hex            ###....      1%          1    None
c - Confuse               Hex            ###.....     3%          3    ##.....
d - Tukima's Dance        Hex            ###.....     3%          3    ##.....
e - Dazzling Spray        Conj/Hex       ##....       12%         3    ##.....


Dungeon Overview and Level Annotations

Branches:
Dungeon (4/15)
 Temple: D:4-7

Altars:
Makhleb
Nemelex Xobeh
Okawaru
Qazlal
Wu Jian

Annotations:
D:3 exclusion: downstairs


Innate Abilities, Weirdness & Mutations

You are very small and have problems with some larger weapons.
You are too small for most types of armour.
You have supernaturally acute eyesight. (SInv)
You are a herbivore.
You cover ground extremely quickly.
You need to consume almost no food.


Message History

The orc priest dies!
The orc priest hits you with a falchion.
* * * LOW HITPOINT WARNING * * *
Unknown command.
You feel better.
Your trident barely misses the orc priest.
Casting: Ensorcelled Hibernation (safe; 6% risk of failure)
Confirm with . or Enter, or press ? or * to list all spells.
Aiming: Ensorcelled Hibernation (safe; 6% risk of failure)
Press: ? - help, Shift-Dir - straight line, f - you, p - orc priest That would be overly suicidal.
Okay, then.
You closely miss the orc priest. The orc priest completely misses you.
You hit the orc priest.
The orc priest is moderately wounded.
Your trident falls from the air.
The orc priest calls down the wrath of Beogh upon you.
Pain shoots through your body!
Ouch! That really hurt!
You die...

#############
##..†<)#.....##
##...[@).......##
#.....o.........#
#....)..........#
.#......(........#
.................# ##
##................##..
##...(.......>...... .
##.............#.##.#
##.....#.......h....


You could see an orc priest.

Vanquished Creatures
  An orc priest (D:3)
  Natasha (thrice) (D:2)
  4 orc wizards
  8 adders
  2 worms
  3 dart slugs
  6 leopard geckos
  21 orcs
  3 bats
  6 giant cockroaches
  10 goblins
  3 hobgoblins
  8 jackals
  2 quokkas (D:3)
  A ball python (D:2)
  4 frilled lizards (D:2)
  8 kobolds
  8 rats
  A plant (D:3)
102 creatures vanquished.

Vanquished Creatures (collateral kills)
  An orc priest (D:4)
  An orc (D:4)
2 creatures vanquished.

Vanquished Creatures (others)
  A plant (D:3)
1 creature vanquished.

Grand Total: 105 creatures vanquished

Notes
Turn   | Place    | Note
-------+----------+-------------------------------------------
     0 | D:1      | Xiin the Spriggan Enchanter began the quest for the Orb.
     0 | D:1      | Reached XP level 1. HP: 9/9 MP: 5/5
   353 | D:1      | You fall through a shaft!
   355 | D:2      | Noticed Natasha
   361 | D:2      | Noticed a crimson imp
   392 | D:2      | Found a sparkling altar of Nemelex Xobeh.
   425 | D:2      | Reached XP level 2. HP: 9/13 MP: 5/7
   429 | D:2      | Learned a level 2 spell: Ensorcelled Hibernation
   755 | D:2      | Reached XP level 3. HP: 15/16 MP: 0/9
   760 | D:2      | Learned a level 3 spell: Confuse
   764 | D:2      | Learned a level 3 spell: Tukima's Dance
  1751 | D:2      | Reached XP level 4. HP: 21/21 MP: 8/11
  1865 | D:2      | Killed Natasha
  1865 | D:2      | Reached skill level 5 in Hexes
  2194 | D:2      | Noticed Natasha
  2201 | D:2      | Killed Natasha
  2300 | D:2      | Found an ornate altar of the Wu Jian Council.
  2411 | D:2      | Learned a level 3 spell: Dazzling Spray
  2799 | D:2      | Noticed Natasha
  2813 | D:2      | Killed Natasha
  2813 | D:2      | Reached skill level 5 in Spellcasting
  2813 | D:2      | Reached XP level 5. HP: 24/24 MP: 9/13
  3275 | D:3      | Reached skill level 5 in Stealth
  3653 | D:3      | Found a stormy altar of Qazlal.
  3682 | D:3      | Found a burning altar of Makhleb.
  4455 | D:3      | Reached skill level 6 in Stealth
  4812 | D:3      | Reached skill level 7 in Stealth
  4812 | D:3      | Reached XP level 6. HP: 18/28 MP: 5/14
  4941 | D:3      | Found an iron altar of Okawaru.
  6272 | D:4      | Reached skill level 8 in Stealth
  6669 | D:4      | Killed from afar by an orc priest

Vault maps used:
D:1:      dpeg_arrival_prison, minivault_19
D:2:      nemelex_altar_shiori, lemuel_crystal_altar, uniq_natasha
D:3:      old_standard_altar, kennysheep_okawaru_gauntlet,
          nicolae_qazlal_eye_of_the_storm, lexackson_kobold_supper
D:4:      serial_shops, shop_fountains, minmay_misc_feat_diagonals, uniq_sigmund

Skill      XL: |  1  2  3  4  5  6 |
---------------+-------------------+-----
Spellcasting   | 3 4 5 |  5.0
Hexes          | 4 5 |  5.6
Stealth        | 7 8 |  8.7
Short Blades   | |  1.1
Dodging        | |  3.0

Action                   |  1- 3 |  4- 6 || total
-------------------------+-------+-------++-------
Melee: Dagger            |    67 |   281 ||   348
Throw: Tomahawk          |     1 |       ||     1
 Cast: Corona            |     5 |       ||     5
       Ensorcelled Hiber |    16 |    58 ||    74
       Confuse           |       |     7 ||     7
       Dazzling Spray    |       |    13 ||    13
       Tukima's Dance    |       |     3 ||     3
  Use: Scroll            |     7 |     6 ||    13
       Potion            |       |     1 ||     1
 Stab: Sleeping          |    15 |    33 ||    48
       Confused          |       |     3 ||     3
       Invisible         |       |     5 ||     5
  Eat: Ration            |       |     4 ||     4
Armor: Robe              |     5 |    11 ||    16
Dodge: Dodged            |    42 |   185 ||   227

Table legend:
 A = Spawn XP
 B = Non-spawn XP
 C = Spawn XP percentage of total XP
 D = Spawn monster count
 E = Non-spawn monster count
 F = Spawn count percentage of total count
 G = Total turns spent on level
                    A         B        C        D         E        F      G
               +---------+---------+-------+---------+---------+-------+---------
         Total |       0 |     614 |   0.0 |       0 |     103 |   0.0 |  6669
               +---------+---------+-------+---------+---------+-------+---------
           D:1 |       0 |      25 |   0.0 |       0 |      13 |   0.0 |  1065
           D:2 |       0 |     191 |   0.0 |       0 |      25 |   0.0 |  1886
           D:3 |       0 |     325 |   0.0 |       0 |      57 |   0.0 |  3624
           D:4 |       0 |      73 |   0.0 |       0 |       8 |   0.0 |    94
               +---------+---------+-------+---------+---------+-------+---------
